 Dungeon Crawl Stone Soup version 0.19-a0-1185-gacb3972 (webtiles) character file.

242 Rhoefr the Sneak (level 6, 0/36 HPs)
             Began as an Octopode Enchanter on Aug 18, 2016.
             Was a Follower of Dithmenos.
             Slain by an orc priest
             ... wielding a +0 flail
              (4 damage)
             ... on level 4 of the Dungeon.
             The game lasted 00:09:59 (3112 turns).

Rhoefr the Sneak (Octopode Enchanter)               Turns: 3112, Time: 00:10:00

Health: 0/36       AC:  1    Str:  7    XL:     6   Next: 9%
Magic:  9/9        EV: 14    Int: 20    God:    Dithmenos [*.....]
Gold:   222        SH:  0    Dex: 12    Spells: 3 memorised, 3 levels left

rFire  + . .     SeeInvis .     n - +0 dagger (venom)
rCold  . . .     Gourm    .     (no shield)
rNeg   + . .     Faith    .     (helmet restricted)
rPois  .         Spirit   .     r - amulet of dismissal
rElec  .         Dismiss  +     p - ring of protection from fire
rCorr  .         Reflect  .     q - ring of positive energy
MR     .....     Harm     .     (no ring)
Stlth  +++++.....               (no ring)
                                (no ring)
                                (no ring)
                                (no ring)
                                (no ring)

@: wreathed by umbra
A: almost no armour, amphibious, 8 rings, constrict 8, camouflage 1, gelatinous
body 1
a: Renounce Religion


You were on level 4 of the Dungeon.
You worshipped Dithmenos.
Dithmenos was aware of your devotion.
You were not hungry.

You visited 1 branch of the dungeon, and saw 4 of its levels.

You collected 222 gold pieces.

Inventory:

Hand Weapons
 a - a +1 dagger
 n - a +0 dagger of venom (weapon)
Jewellery
 p - a ring of protection from fire (left tentacle)
 q - a ring of positive energy (right tentacle)
 r - an amulet of dismissal (around mantle)
 s - an uncursed ring of wizardry {unknown}
Scrolls
 e - 2 scrolls of remove curse
 l - a scroll of immolation {unknown}
 m - 2 scrolls of recharging {unknown}
 o - 2 scrolls of identify {unknown}
 u - 2 scrolls of amnesia {unknown}
 v - a scroll of magic mapping {unknown}
 w - 2 scrolls of teleportation {unknown}
Potions
 d - 2 potions of resistance {unknown}
 g - a potion of berserk rage {unknown}
 h - 2 potions of curing {unknown}
 i - 2 potions of cancellation {unknown}
 j - a potion of agility {unknown}
 k - a potion of invisibility {unknown}
 t - a potion of degeneration {unknown}
Books
 b - a book of Maledictions

   Spells                             Type                      Level
   a - Corona                         Hexes                        1
   b - Ensorcelled Hibernation        Hexes/Ice                    2
   c - Confuse                        Hexes                        3
   d - Tukima's Dance                 Hexes                        3
   e - Dazzling Spray                 Conjuration/Hexes            3
Comestibles
 c - 3 bread rations
 f - a beef jerky
 x - 2 chunks of flesh


   Skills:
 - Level 1.0 Short Blades
 + Level 3.4 Dodging
 + Level 5.4 Stealth
 - Level 2.0 Spellcasting
 * Level 5.3 Hexes


You had 3 spell levels left.
You knew the following spells:

 Your Spells              Type           Power        Failure   Level  Hunger
a - Ensorcelled Hibernat  Hex/Ice        ##....       10%         2    ##.....
b - Confuse               Hex            ###.....     8%          3    ###....
n - Corona                Hex            ###....      1%          1    #......


Dungeon Overview and Level Annotations

Branches:
Dungeon (4/15)
 Temple: D:4-7

Altars:
Dithmenos
Makhleb
Nemelex Xobeh
Sif Muna
Xom
The Shining One


Innate Abilities, Weirdness & Mutations

You cannot wear most types of armour.
You are amphibious.
You can wear up to eight rings at the same time.
You can use your tentacles to constrict eight enemies at once.
Your skin changes colour to match your surroundings (Stealth+).
Your rubbery body absorbs attacks. (AC +1, EV +1)


Message History

The puff of frost hits you!
You hit the orc priest but do no damage.
The orc priest looks as sick as possible!
The orc priest is lightly wounded.
You constrict the orc priest, but do no damage.
The orc priest calls down the wrath of Beogh upon you.
Beogh smites you!
* * * LOW HITPOINT WARNING * * *
You hear some strange, mumbled words.
A puff of flame appears from out of thin air!
The puff of flame misses you.
You hit the orc priest but do no damage.
The orc priest is lightly wounded.
You constrict the orc priest, but do no damage.
The orc priest completely misses you. Something hits you but does no damage.
You hit the orc priest but do no damage.
The orc priest is lightly wounded.
You constrict the orc priest, but do no damage.
The orc priest hits you with a flail.
You die...

############
#.......o.o#
........########@#
......### #.#
...... #.# ..o..
##.# .o... ####
#..#
#.##.#####..###.##
#. #..#......##.#
###.#.####.##.#
#.....# #..#.#


You could see an orc priest and an orc.

Vanquished Creatures
  A hound (D:4)
  An orc wizard (D:4)
  A worker ant (D:4)
  6 adders
  A worm (D:2)
  5 dart slugs
  2 giant geckos
  9 orcs
  6 giant cockroaches
  12 goblins
  5 hobgoblins
  4 jackals (D:3)
  6 kobolds
  11 bats
  5 giant newts
  7 rats
82 creatures vanquished.

Notes
Turn   | Place    | Note
-------+----------+-------------------------------------------
     0 | D:1      | Rhoefr the Octopode Enchanter began the quest for the Orb.
     0 | D:1      | Reached XP level 1. HP: 11/11 MP: 3/3
   141 | D:1      | Reached XP level 2. HP: 17/17 MP: 5/5
   155 | D:1      | Learned a level 2 spell: Ensorcelled Hibernation
   417 | D:1      | Reached XP level 3. HP: 19/21 MP: 6/6
   422 | D:1      | Learned a level 3 spell: Confuse
  1331 | D:2      | Reached XP level 4. HP: 26/27 MP: 7/7
  1510 | D:2      | Found a shadowy altar of Dithmenos.
  1510 | D:2      | Found a burning altar of Makhleb.
  1510 | D:2      | Found a sparkling altar of Nemelex Xobeh.
  1510 | D:2      | Found a deep blue altar of Sif Muna.
  1525 | D:2      | Found a shimmering altar of Xom.
  1529 | D:2      | Found a glowing golden altar of the Shining One.
  1556 | D:2      | Became a worshipper of Dithmenos the Shadowed
  1845 | D:3      | Reached XP level 5. HP: 28/31 MP: 8/8
  2564 | D:4      | Reached skill level 5 in Stealth
  2564 | D:4      | Reached skill level 5 in Hexes
  2934 | D:4      | Reached XP level 6. HP: 31/36 MP: 4/9
  2935 | D:4      | Reached * piety under Dithmenos
  3112 | D:4      | Slain by an orc priest

Vault maps used:
D:1:      scummos_arrival_forest
D:2:      minmay_overflow_temple_hex
D:3:      first_bread, minmay_box_of_dots
D:4:      minmay_misc_feat_rows

Skill      XL: |  1  2  3  4  5 |
---------------+----------------+-----
Hexes          | 4 5 |  5.3
Dodging        | 3 |  3.4
Stealth        | 5 |  5.4
Short Blades   | |  1.0
Spellcasting   | |  2.0

Action                   |  1- 3 |  4- 6 || total
-------------------------+-------+-------++-------
Melee: Dagger            |    46 |    92 ||   138
       Constrict         |     3 |    24 ||    27
       Tentacles         |       |    12 ||    12
 Cast: Ensorcelled Hiber |     4 |    16 ||    20
       Corona            |     2 |       ||     2
  Use: Scroll            |       |     1 ||     1
 Stab: Sleeping          |    22 |    24 ||    46
  Eat: Chunk             |     1 |     7 ||     8
Armor: Skin              |     7 |     2 ||     9
Dodge: Dodged            |    18 |    43 ||    61
